 Dungeon Crawl Stone Soup version 0.23-a0-636-g0ff6057 (webtiles) character file.

313 TheGoonsmith the Firebug (level 6, -2/32 HPs)
             Began as a Gargoyle Fire Elementalist on Dec 28, 2018.
             Killed from afar by an orc wizard (7 damage)
             ... with a magic dart
             ... on level 4 of the Dungeon.
             The game lasted 00:04:22 (2479 turns).

TheGoonsmith the Firebug (GrFE)                     Turns: 2479, Time: 00:04:22

Health: -2/32      AC:  9    Str: 11    XL:     6   Next: 43%
Magic:  2/11       EV: 12    Int: 18    God:
Gold:   142        SH:  2    Dex: 10    Spells: 4/12 levels left

rFire    . . .     SeeInvis .   e - +0 dagger
rCold    . . .     Gourm    .   (no shield)
rNeg     + . .     Faith    .   a - +0 robe
rPois    ∞         Spirit   .   m - +0 helmet
rElec    +         Reflect  +   (no cloak)
rCorr    .         Harm     .   h - +1 pair of gloves
MR       .....                  (no boots)
Stlth    ++........             b - +2 amulet of reflection
HPRegen  0.10/turn              (no ring)
MPRegen  0.12/turn              (no ring)

@: no status effects
A: negative energy resistance 1, electricity resistance, unbreathing,
petrification resistance, rot immunity, AC +4
a: no special abilities


You were on level 4 of the Dungeon.
You were very hungry.

You visited 1 branch of the dungeon, and saw 4 of its levels.

You collected 142 gold pieces.

Inventory:

Hand Weapons
 e - a +0 dagger (weapon)
Armour
 a - a +0 robe (worn)
 h - a +1 pair of gloves (worn)
 m - a +0 helmet (worn)
Jewellery
 b - a +2 amulet of reflection (around neck)
Scrolls
 n - a scroll of immolation
 r - a scroll of identify
Potions
 d - a potion of flight {unknown}
 f - a potion of berserk rage
 k - 3 potions of curing
 p - a potion of heal wounds
Comestibles
 c - 6 rations


   Skills:
 - Level 1.5 Dodging
 - Level 2.1 Stealth
 + Level 3.8 Spellcasting
 + Level 4.0 Conjurations
 + Level 4.6 Fire Magic


You had 4 spell levels left.
You knew the following spells:

 Your Spells              Type           Power        Failure   Level  Hunger
a - Flame Tongue          Conj/Fire      ###..        2%          1    None
c - Conjure Flame         Conj/Fire      ###.....     8%          3    ###....
s - Sticky Flame          Conj/Fire      ###.....     26%         4    ####...

Your spell library contained the following spells:

 Spells                   Type           Power        Failure   Level  Hunger
 Throw Flame              Conj/Fire      ###...       3%          2    ##.....
 Inner Flame              Hex/Fire       ##......     17%         3    ###....
 Fireball                 Conj/Fire      ###.......   56%         5    ######.


Dungeon Overview and Level Annotations

Branches:
Dungeon (4/15)
 Temple: D:4-7

Altars:
Elyvilon
Kikubaaqudgha
Zin


Innate Abilities, Weirdness & Mutations

You are resistant to torment.
Your stone body is resilient. (AC +4)
You are immune to poison.
You resist negative energy. (rN+)
You are resistant to electric shocks. (rElec)
You can survive without breathing.
You are immune to petrification.
You are immune to rotting.


Message History

The howler monkey hits you but does no damage.
The orc wizard gestures wildly while chanting.
The orc wizard blinks!
The howler monkey hits you.
Casting: Flame Tongue (safe; 2% risk of failure)
Confirm with . or Enter, or press ? or * to list all spells.
Aiming: Flame Tongue (safe; 2% risk of failure)
Press: ? - help, Shift-Dir - straight line, f/p - orc priest
Aim: an orc priest, wielding a +0 falchion and wearing a +0 chain mail The flame tongue hits the howler monkey.
The howler monkey is heavily wounded.
The howler monkey completely misses you.
The orc priest calls down the wrath of Beogh upon you.
Beogh smites you!
The orc priest mumbles some strange prayers to Beogh against you.
Beogh smites you!
* * * LOW HITPOINT WARNING * * *
The howler monkey misses you.
The orc wizard gestures at you while chanting.
The magic dart hits you!
You die...

# #..#...##...#.###.#..#..
##.###..#...##...#.##........
..........................#..
..).........##.......o.......
....##.##.......#†###.......
. #.###.##...#.###....... #.#
#..#...o........... . #.#
#..#..o#...........
....##.###.@.h..#..##.......
............#....#..# .....
###..######.#.>..#..# . #.
### ######.##...#.....
#.#........##...#.....
#.......#####........#
######.#..##.# #.#.####..
.<........##.#####.#.#
#.####.............#.#


You could see a howler monkey, an orc priest and an orc wizard.

Vanquished Creatures
  Sigmund (D:2)
  A scorpion (D:3)
  A hound (D:4)
  3 adders (D:2)
  An ooze (D:1)
  4 worms
  A dart slug (D:1)
  2 leopard geckos
  An orc (D:4)
  4 giant cockroaches
  4 goblins
  6 hobgoblins
  A quokka (D:3)
  A ball python (D:1)
  2 bats
  5 kobolds
  15 rats
53 creatures vanquished.

Notes
Turn   | Place    | Note
-------+----------+-------------------------------------------
     0 | D:1      | TheGoonsmith the Gargoyle Fire Elementalist began the quest
                  | for the Orb.
     0 | D:1      | Reached XP level 1. HP: 10/10 MP: 3/3
    61 | D:1      | Reached XP level 2. HP: 15/15 MP: 0/5
   844 | D:2      | Reached XP level 3. HP: 18/19 MP: 1/6
  1126 | D:2      | Noticed Sigmund
  1138 | D:2      | Killed Sigmund
  1138 | D:2      | Reached XP level 4. HP: 18/24 MP: 0/9
  1138 | D:2      | Reached XP level 5. HP: 21/28 MP: 0/10
  1487 | D:2      | Found a glowing silver altar of Zin.
  1635 | D:3      | Reached XP level 6. HP: 32/32 MP: 5/11
  1863 | D:3      | Found an ancient bone altar of Kikubaaqudgha.
  1904 | D:3      | Found a white marble altar of Elyvilon.
  2113 | D:3      | Found a faded altar of an unknown god.
  2304 | D:4      | Learned a level 4 spell: Sticky Flame
  2308 | D:4      | Learned a level 3 spell: Conjure Flame
  2479 | D:4      | Killed from afar by an orc wizard

Vault maps used:
D:1:      onia_arrival_handbag
D:2:      zin_statuary, first_ration, uniq_sigmund
D:3:      nicolae_overflow_crystal_walls, lemuel_doored_altar,
          chequers_ecumenical_altar_twisty

Skill      XL: |  1  2  3  4  5  6 |
---------------+-------------------+-----
Conjurations   | 2 3 4 |  4.0
Spellcasting   | 3 |  3.8
Fire Magic     | 4 |  4.6
Dodging        | |  1.5
Stealth        | |  2.1

Action                   |  1- 3 |  4- 6 || total
-------------------------+-------+-------++-------
Melee: Unarmed           |     4 |       ||     4
       Dagger            |    16 |     8 ||    24
 Cast: Flame Tongue      |    42 |    79 ||   121
  Use: Scroll            |       |    11 ||    11
  Eat: Chunk             |       |     4 ||     4
Armor: Robe              |    11 |    14 ||    25
Dodge: Dodged            |    22 |    28 ||    50

Table legend:
 A = Non-vault XP
 B = Vault XP
 C = Vault XP percentage of total XP
 D = Non-vault monster count
 E = Vault monster count
 F = Vault count percentage of total count
                 A         B        C        D         E       F
            +---------+---------+-------+---------+---------+-------
      Total |     230 |     218 |  48.7 |      48 |       5 |   9.4
            +---------+---------+-------+---------+---------+-------
        D:1 |      17 |      10 |  37.0 |       9 |       4 |  30.8
        D:2 |      80 |     208 |  72.2 |      23 |       1 |   4.2
        D:3 |      90 |       0 |   0.0 |      14 |       0 |   0.0
        D:4 |      43 |       0 |   0.0 |       2 |       0 |   0.0
            +---------+---------+-------+---------+---------+-------
